 Dungeon Crawl Stone Soup version 0.32-a0-360-gcd93b57ba1 (webtiles) character file.

Game seed: 15425725974577807921

881 Goblin1989 the Cutter (level 8, -2/56 HPs)
             Began as a Coglin Gladiator on Feb 18, 2024.
             Succumbed to an orc's poison
             ... on level 5 of the Dungeon.
             The game lasted 00:12:52 (4550 turns).

Goblin1989 the Cutter (Coglin Gladiator)            Turns: 4550, Time: 00:12:53

Health: -2/56      AC:  6    Str: 14    XL:     8   Next: 5%
Magic:  8/8        EV: 12    Int:  8    God:
Gold:   271        SH:  0    Dex: 18    Spells: 7/7 levels left

rFire   . . .        u - +0 rapier {Ming}
rCold   . . .        r - +0 dagger (protect) {Anan}
rNeg    . . .        b - +0 leather armour
rPois   .            x - +1 helmet
rElec   .            (no cloak)
rCorr   .            s - +0 pair of gloves
SInv    .            (no boots)
Will    .....        m - amulet of regeneration
Stlth   +++          (no ring)
HPRegen 1.09/turn    (no ring)
MPRegen 0.11/turn

%: no passive effects
@: mighty, lethally poisoned (-2 -> -12), revving, stiff-legged, very slow
A: off-hand wielding, slow wielding, warmup strikes, warmup strides
a: Convert to Beogh


You were on level 5 of the Dungeon.
You visited 2 branches of the dungeon, and saw 7 of its levels.

You collected 271 gold pieces.

Inventory:

Hand Weapons
 q - a +1 dagger of draining {Ermengarde}
 r - a +0 dagger of protection (worn) {Anan}
 u - a +0 rapier (weapon) {Ming}
Missiles
 d - 3 throwing nets {!d , @Q1}
 e - a javelin
 p - 10 poisoned darts (quivered)
 w - 9 boomerangs {@Q3}
Armour
 b - a +0 leather armour (worn)
 s - a +0 pair of gloves (worn)
 x - a +1 helmet (worn)
Jewellery
 m - an amulet of regeneration (around neck)
Scrolls
 h - 2 scrolls of fog
 i - 2 scrolls of amnesia {unknown}
 j - 3 scrolls of enchant armour {unknown}
 l - 3 scrolls of poison {unknown}
 n - 2 scrolls of revelation {unknown}
 t - a scroll of identify {unknown}
 v - a scroll of acquirement {unknown}
 y - a scroll of immolation {unknown}
Potions
 g - a potion of might {@q4}
 k - a potion of curing {unknown}


   Skills:
 - Level 2.0 Fighting
 + Level 5.9 Short Blades
 - Level 2.9 Maces & Flails
 - Level 1.7 Throwing
 - Level 2.6 Dodging
 - Level 5.0 Stealth


You had 7 spell levels left.
You didn't know any spells.
Your spell library contained the following spells:

 Spells                   Type           Power      Damage    Failure   Level
 Freeze                   Ice            0%         1d3       50%         1
 Frozen Ramparts          Ice            0%         1d1       86%         3
 Hailstorm                Conj/Ice       0%         3d5       86%         3
 Sculpt Simulacrum        Ice/Alch       0%         N/A       100%        6
 Ozocubu's Refrigeration  Ice            0%         4d7       100%        7
 Polar Vortex             Ice            0%         N/A       100%        9


Dungeon Overview and Level Annotations

Branches:
Dungeon (6/15) Zot: 26945  Temple (1/1) D:5 Zot: 5998

Altars:
Ashenzari
Cheibriados
Elyvilon
Hepliaklqana
Kikubaaqudgha
Makhleb
Nemelex Xobeh
Okawaru
Qazlal
Sif Muna
Trog
Uskayaw
Vehumet
Wu Jian
Xom
Yredelemnul
Zin
The Shining One

Shops:
D:1 [(:[


Innate Abilities, Weirdness & Mutations

You can wield a second weapon in your off-hand.
It takes a long time for you to wield or remove held weapons.
Your first few attacks do less damage.
Your first movements take longer.


Message History

You hit the orc priest but do no damage.
The orc priest is lightly wounded.
You hit the orc priest but do no damage.
You feel sick.
You take 1 damage, and have 38/56 hp.
You hit the orc priest but do no damage.
The orc priest is lightly wounded.
You hit the orc priest with your +0 dagger of protection.
You feel sick. The orc barely misses you. The orc priest barely misses you.
You barely miss the orc priest with your +0 dagger of protection.
The orc priest is moderately wounded.
The orc wizard shouts!
You hit the orc priest but do no damage.
You feel sick. The orc hits you but does no damage.
You are more poisoned.
The orc priest hits you with a +0 whip.
You take 5 damage, and have 33/56 hp.
You hit the orc priest but do no damage.
The orc priest is moderately wounded.
You barely miss the orc priest with your +0 rapier.
You feel sick.
The orc priest threatens, "Beogh's wrath is as vast as their mercy.
Make your choice!" The orc barely misses you.
The orc wizard gestures wildly while chanting.
The orc wizard flickers and vanishes!
Deactivating autopickup; reactivate with Ctrl-A.
The orc priest shouts, "The Pantheon deserves no one's loyalty.
Let us show you the true path!"
The orc priest hits you but does no damage.
You take 1 damage, and have 32/56 hp.
You hit the orc priest but do no damage.
The orc priest is moderately wounded.
You hit the orc priest but do no damage.
You feel sick. The orc hits you but does no damage.
You are more poisoned.
The orc priest barely misses you.
You barely miss the orc priest with your +0 rapier.
The orc priest shouts, "Beogh offers mercy even to people such as you.
Join us and be reborn!"
The orc priest is moderately wounded.
You hit the orc priest but do no damage.
You feel very sick.
The orc priest shouts, "Surrender to Beogh and we'll let you live!"
You take 3 damage, and have 29/56 hp.
You hit the orc priest but do no damage.
The orc priest shouts, "The Pantheon deserves no one's loyalty.
Let us show you the true path!"
The orc priest is moderately wounded.
You hit the orc priest but do no damage.
You feel very sick. The orc barely misses you.
The orc priest barely misses you.
You take 2 damage, and have 27/56 hp.
You barely miss the orc priest with your +0 dagger of protection.
The orc priest is moderately wounded.
You hit the orc priest but do no damage.
You feel very sick.
The orc hits you with a +2 hand axe of venom.
* * * LOW HITPOINT WARNING * * *
You are more poisoned.
The orc priest threatens, "Beogh's wrath is as vast as their mercy.
Make your choice!"
The orc priest hits you but does no damage.
You take 4 damage, and have 23/56 hp.
You hit the orc priest but do no damage.
The orc priest is moderately wounded.
You hit the orc priest but do no damage.
You feel very sick. The orc barely misses you.
The orc priest hits you but does no damage.
You take 2 damage, and have 21/56 hp.
You feel very sick. The orc priest barely misses you.
The orc priest closely misses you.
There is a stone staircase leading up here.
You take 4 damage, and have 17/56 hp.
You feel very sick. The orc closely misses you.
The orc priest hits you with a +0 whip.
* * * LOW HITPOINT WARNING * * *
You climb upwards.
Reactivating autopickup.
You feel sick.
There is a stone staircase leading down here.
You take 4 damage, and have 13/56 hp.
You barely miss the orc priest with your +0 rapier.
The orc priest is lightly wounded.
You barely miss the orc priest with your +0 dagger of protection.
You feel sick.
The orc priest hits you but does no damage.
The orc hits you with a +2 hand axe of venom.
* * * LOW HITPOINT WARNING * * *
You are more poisoned.
You take 3 damage, and have 10/56 hp.
* * * LOW HITPOINT WARNING * * *
You feel very sick. The orc priest hits you with a +0 whip.
* * * LOW HITPOINT WARNING * * *
The orc attacks as it pursues you!
The orc hits you with a +2 hand axe of venom.
* * * LOW HITPOINT WARNING * * *
You are more poisoned.
The orc priest hits you but does no damage.
You take 9 damage, and have 1/56 hp.
It was a potion of might.
You feel very mighty all of a sudden.
You die...

██.............█████.██<..████.
███████..██████.....████[.....
█....█ █...........████ █....█
█......████.█... █....█
█......█......█.
█████.████....^.████...█.
█.......██......████...█.
█........................
█......o@.....███████████
█.....[o███.█.....█..████
█████"......█ █.█.███....[†..
█████...........█
█.█.█████.....█
█...Ψ...█.......█
█.█.█...█<█.███
█.......█.......█
█.█...█.███.███
█.Ψ.>.Ψ.█.███████
█.█████.....█.. █...."..█.█
█........████.█ █...Ψ.....█
████████.█ █.█


You could see an orc priest and an orc.

Vanquished Creatures
  A black bear (D:5)
  2 ogres
  A kobold brigand (D:4)
  A bullfrog (D:4)
  A scorpion (D:5)
  2 bombardier beetles
  2 orc priests (D:5)
  An orc wizard (D:5)
  An iguana (D:5)
  Robin (D:4)
  4 adders
  3 gnolls
  4 dart slugs
  2 ribbon worms
  6 orcs
  4 bats
  6 endoplasms
  3 giant cockroaches
  14 goblins
  6 hobgoblins
  4 jackals (D:3)
  6 quokkas
  3 ball pythons
  2 frilled lizards
  2 frilled lizard zombies (D:3)
  6 kobolds
  7 rats
95 creatures vanquished.

Notes
Turn   | Place    | Note
-------+----------+-------------------------------------------
     0 | D:1      | Goblin1989 the Coglin Gladiator began the quest for the
                  | Orb.
     0 | D:1      | Reached XP level 1. HP: 16/16 MP: 1/1
    11 | D:1      | Found a faded altar of an unknown god.
    46 | D:1      | Found Iddia's Weapon Emporium.
    50 | D:1      | Found Ifipsate's Armour Boutique.
   123 | D:1      | Reached XP level 2. HP: 21/22 MP: 2/2
   153 | D:1      | Reached skill level 1 in Short Blades
   159 | D:1      | Found Udoso's Antique Armour Emporium.
   287 | D:1      | Found Ahammuma's Book Shop.
   541 | D:1      | Reached XP level 3. HP: 23/27 MP: 3/3
  1577 | D:2      | Reached XP level 4. HP: 31/33 MP: 4/4
  1608 | D:2      | Reached skill level 1 in Stealth
  2000 | D:3      | Found a bloodstained altar of Trog.
  2329 | D:3      | Reached XP level 5. HP: 33/38 MP: 5/5
  2790 | D:3      | Found an ancient bone altar of Kikubaaqudgha.
  2848 | D:3      | You fall into a shaft and drop 1 floor!
  2938 | D:4      | Found a burning altar of Makhleb.
  2950 | D:4      | Reached XP level 6. HP: 40/44 MP: 6/6
  3153 | D:4      | Noticed Robin
  3158 | D:4      | Killed Robin
  3594 | D:4      | Reached XP level 7. HP: 50/50 MP: 7/7
  3856 | D:5      | Entered Level 5 of the Dungeon
  3985 | D:5      | Found a shimmering altar of Xom.
  4136 | D:5      | Reached skill level 5 in Short Blades
  4191 | D:5      | Found a staircase to the Ecumenical Temple.
  4211 | Temple   | Entered the Ecumenical Temple
  4256 | D:5      | Found a sparkling altar of Nemelex Xobeh.
  4456 | D:5      | Reached skill level 5 in Stealth
  4456 | D:5      | Reached XP level 8. HP: 56/56 MP: 8/8
  4549 | D:5      | HP: 1/56 [orc/+2 hand axe of venom (4)]
  4550 | D:5      | Succumbed to an orc's poison

Illustrated notes

Levels and vault maps discovered:
D:1:      saegor_arrival_miasma, layout_loops_ring,
          shapermc_ecumenical_altar_ellora, serial_shops, shop,
          nicolae_shop_pleasant_corner_grove, shop, shop
D:2:      wad_lake_hut, layout_loops_ring
D:3:      layout_rooms, trog_three_pillars_becter,
          lemuel_zombie_altar_kikubaaqudgha
D:4:      layout_basic, mainiacjoe_overflow_tiny_flanked, uniq_robin
D:5:      layout_basic, mainiacjoe_overflow_catwalk, nemelex_dance_club_becter,
          temple_fountains
D:6:      layout_loops_corners, nicolae_ru_sacrificial_ziggurat,
          marbit_many_paths, serial_shops, nicolae_inconvenience_store,
          nicolae_shop_unique_rings, uniq_jeremiah, uniq_blork_the_orc
Temple:   hellmonk_temple_forest_ring

Skill      XL: |  1  2  3  4  5  6  7 |
---------------+----------------------+-----
Short Blades   | 2 3 4 5 |  5.9
Stealth        | 1 2 3 5 |  5.0
Fighting       | |  2.0
Maces & Flails | |  2.9
Throwing       | |  1.7
Dodging        | |  2.6

Action                     |  1- 3 |  4- 6 |  7- 9 || total
---------------------------+-------+-------+-------++-------
  Melee: Flail             |    59 |   131 |       ||   190
         Dagger            |    44 |   150 |   148 ||   342
         Rapier            |       |       |    73 ||    73
  Throw: Throwing net      |       |     1 |     1 ||     2
         Dart              |       |       |     5 ||     5
    Use: Scroll            |       |     1 |       ||     1
         Potion            |       |       |     1 ||     1
   Stab: Sleeping          |     4 |     2 |     3 ||     9
         Held in net/web   |       |     1 |       ||     1
 Armour: Leather armour    |    35 |    87 |    56 ||   178
  Dodge: Dodged            |    35 |    85 |    49 ||   169

Table legend: (Time is in decaauts)
 A = Elapsed time spent in this place.
 B = Non-inter-level travel time spent in this place.
 C = Inter-level travel time spent in this place.
 D = Time resting spent in this place.
 E = Time spent auto-exploring this place.
 F = Levels seen in this place.
 G = Mean time per level.
                   A        B        C        D        E       F      G
               +--------+--------+--------+--------+--------+-----+--------+
         Total |   4747 |   4363 |    384 |    458 |   2943 |   7 |  678.1 |
       Dungeon |   4745 |   4361 |    384 |    458 |   2943 |   6 |  790.8 |
        Temple |      1 |      1 |      0 |      0 |      0 |   1 |    1.0 |
               +--------+--------+--------+--------+--------+-----+--------+

Top non-repeatable levels by time:
     D:2: 1347 daAuts
     D:1: 1101 daAuts
     D:4: 1075 daAuts
     D:5: 667 daAuts
     D:3: 515 daAuts
     D:6: 37 daAuts
  Temple: 1 daAuts
